 Dungeon Crawl Stone Soup version 0.25.0-11-g1f837a7 (webtiles) character file.

Game seed: 12737914316902585153

983913 rednit the Conqueror (level 27, -3/199 HPs)
             Began as a Gargoyle Fighter on June 25, 2020.
             Was the Champion of the Shining One.
             Killed from afar by a Brimstone Fiend (35 damage)
             ... with damnation
             ... created by the effects of Hell
             ... on level 7 of Gehenna on June 27, 2020.
             The game lasted 06:32:52 (82868 turns).

rednit the Conqueror (Gargoyle Fighter)            Turns: 82868, Time: 06:32:53

Health: -3/199     AC: 69    Str: 33    XL:     27
Magic:  23/40      EV: 11    Int:  7    God:    the Shining One [******]
Gold:   5431       SH: 25    Dex: 12    Spells: 26/26 levels left

rFire    + + +     SeeInvis .   q - +9 sacred scourge (holy)
rCold    + + +     Gourm    .   j - +5 kite shield {reflect}
rNeg     + + +     Faith    .   b - +12 gold dragon scales
rPois    ∞         Spirit   .   N - +2 hood of the Assassin {Detection Stab+ Stlth++}
rElec    +         Reflect  +   W - scarf {rC+ rF+}
rCorr    +         Harm     .   I - +2 pair of gloves of the Scribe {rPois rC+}
MR       ++...                  T - +2 pair of boots {run}
Stlth    ..........             z - amulet of the acrobat
HPRegen  0.43/turn              U - ring of resist corrosion
MPRegen  0.27/turn              y - ring of Tinyej {rF+ Str+5 Int-4}

@: flying, glowing, quick
A: big wings, hooves 1, blurry vision 2, negative energy resistance 1,
electricity resistance, unbreathing, petrification resistance, rot immunity,
subdued magic 2, AC +20
}: 7/15 runes: barnacled, slimy, silver, icy, bone, abyssal, gossamer
a: Stop Flying, Divine Shield, Cleansing Flame, Summon Divine Warrior, Brand
Weapon With Holy Wrath, Renounce Religion


You were on level 7 of Gehenna.
You worshipped the Shining One.
The Shining One was exalted by your worship.
You were full.

You visited 16 branches of the dungeon, and saw 78 of its levels.
You visited the Abyss 3 times.
You also visited: Sewer, Ossuary and Ice Cave.

You collected 11920 gold pieces.
You spent 6489 gold pieces at shops.

Inventory:

Hand Weapons
 q - a +9 sacred scourge of holy wrath (weapon)
 E - the +7 eveningstar "Aforeon" {vorpal, rElec rF+ rN+ Dex+3}
   (You acquired it on level 13 of the Dungeon)

   It inflicts extra damage upon your enemies.
   It affects your dexterity (+3).
   It protects you from fire.
   It insulates you from electricity.
   It protects you from negative energy.
Armour
 b - +12 gold dragon scales (worn)
 j - a +5 kite shield of reflection (worn)
 I - the +2 pair of gloves of the Scribe (worn) {rPois rC+}
   (You bought it in a shop on level 2 of the Orcish Mines)

   It protects you from cold.
   It protects you from poison.
 N - the +2 hood of the Assassin (worn) {Detection Stab+ Stlth++}
   (You acquired it on level 3 of the Depths)

   It makes you much more stealthy.
 T - a +2 pair of boots of running (worn)
 W - a scarf of resistance (worn)
Jewellery
 d - the amulet of Altruism {RegenMP +Blink Int+5 Dex-4}
   (You found it on level 3 of the Abyss)

   [amulet of magic regeneration]

   It increases your magic regeneration.
   It affects your intelligence (+5).
   It affects your dexterity (-4).
   It lets you blink.
 y - the ring of Tinyej (right hand) {rF+ Str+5 Int-4}
   (You bought it in a shop on level 5 of the Vaults)

   [ring of intelligence]

   It affects your strength (+5).
   It affects your intelligence (-4).
   It protects you from fire.
 z - an amulet of the acrobat (around neck)
 D - an uncursed amulet of regeneration
 U - a ring of resist corrosion (left hand)
 Z - a +4 ring of slaying
Wands
 a - a wand of iceblast (54)
 o - a wand of digging (13)
 F - a wand of paralysis (72)
 H - a wand of acid (57)
 O - a wand of flame (88)
 R - a wand of polymorph (24)
 S - a wand of disintegration (40)
Scrolls
 c - 2 scrolls of enchant armour
 h - 12 scrolls of magic mapping
 i - 15 scrolls of teleportation
 k - 14 scrolls of fear
 l - 39 scrolls of remove curse
 m - 3 scrolls of silence
 p - 9 scrolls of enchant weapon
 s - 13 scrolls of amnesia
 u - 8 scrolls of fog
 x - 5 scrolls of blinking
 L - 4 scrolls of brand weapon
 P - 3 scrolls of immolation
 Q - 12 scrolls of identify
Potions
 e - 10 potions of stabbing
 g - 6 potions of magic
 n - 30 potions of curing
 r - 6 potions of resistance
 t - 2 potions of mutation
 v - 5 potions of haste
 B - 2 potions of heal wounds
 C - 2 potions of cancellation
 K - 5 potions of berserk rage
 M - 9 potions of ambrosia
Miscellaneous
 w - a tin of tremorstones (3/3)
 J - a lightning rod (4/4)
 V - a tin of tremorstones (3/3)
 Y - 5 phantom mirrors
Comestibles
 f - 51 rations


   Skills:
 O Level 27 Fighting
 + Level 16.4 Maces & Flails
 O Level 27 Armour
 + Level 6.3 Dodging
 - Level 10.0 Stealth
 O Level 27 Shields
 O Level 27 Invocations
 - Level 22.1 Evocations


You had 26 spell levels left.
You didn't know any spells.
Your spell library contained the following spells:

 Spells                   Type           Power        Failure   Level  Hunger
 Animate Skeleton         Necr           N/A          87%         1    ##.....
 Apportation              Tloc           #.....       87%         1    ##.....
 Corona                   Hex            #......      87%         1    ##.....
 Foxfire                  Conj/Fire      #...         87%         1    ##.....
 Freeze                   Ice            #...         87%         1    ##.....
 Infusion                 Chrm           #...         87%         1    ##.....
 Pain                     Necr           #...         87%         1    ##.....
 Shock                    Conj/Air       #...         87%         1    ##.....
 Sting                    Tmut/Pois      #...         87%         1    ##.....
 Summon Butterflies       Summ           #.......     87%         1    ##.....
 Summon Small Mammal      Summ           #...         87%         1    ##.....
 Corpse Rot               Necr/Air       N/A          95%         2    ###....
 Ensorcelled Hibernation  Hex/Ice        #.....       95%         2    ###....
 Passwall                 Tmut/Erth      #.......     95%         2    ###....
 Poisonous Vapours        Pois/Air       #.....       95%         2    ###....
 Shroud of Golubria       Chrm/Tloc      #.....       95%         2    ###....
 Slow                     Hex            #.......     95%         2    ###....
 Song of Slaying          Chrm           #.......     95%         2    ###....
 Swiftness                Chrm/Air       #.......     95%         2    ###....
 Confusing Touch          Hex            #.......     99%         3    ####...
 Conjure Flame            Conj/Fire      #.......     99%         3    ####...
 Dazzling Flash           Conj/Hex       #.....       99%         3    ####...
 Gell's Gravitas          Tloc           #.........   99%         3    ####...
 Ignite Poison            Fire/Tmut/Pois #.......     99%         3    ####...
 Inner Flame              Hex/Fire       #.......     99%         3    ####...
 Lesser Beckoning         Tloc           #.........   99%         3    ####...
 Mephitic Cloud           Conj/Pois/Air  #.......     99%         3    ####...
 Ozocubu's Armour         Chrm/Ice       #.......     99%         3    ####...
 Portal Projectile        Hex/Tloc       #.....       99%         3    ####...
 Spectral Weapon          Hex/Chrm       #.......     99%         3    ####...
 Static Discharge         Conj/Air       #.......     99%         3    ####...
 Stone Arrow              Conj/Erth      #.....       99%         3    ####...
 Tukima's Dance           Hex            #.......     99%         3    ####...
 Vampiric Draining        Necr           #.........   99%         3    ####...
 Airstrike                Air            #.........   100%        4    #####..
 Animate Dead             Necr           N/A          100%        4    #####..
 Cause Fear               Hex            #.........   100%        4    #####..
 Leda's Liquefaction      Hex/Erth       #.........   100%        4    #####..
 Olgreb's Toxic Radiance  Pois           #.......     100%        4    #####..
 Passage of Golubria      Tloc           N/A          100%        4    #####..
 Petrify                  Tmut/Erth      #.......     100%        4    #####..
 Summon Lightning Spire   Summ/Air       #.......     100%        4    #####..
 Agony                    Necr           #.......     100%        5    ######.
 Alistair's Intoxication  Tmut/Pois      #.......     100%        5    ######.
 Bolt of Magma            Conj/Fire/Erth #.........   100%        5    ######.
 Borgnjor's Vile Clutch   Necr/Erth      #.........   100%        5    ######.
 Irradiate                Conj/Tmut      #.........   100%        5    ######.
 Lee's Rapid Deconstruct  Erth           #.........   100%        5    ######.
 Lightning Bolt           Conj/Air       #.........   100%        5    ######.
 Metabolic Englaciation   Hex/Ice        #.........   100%        5    ######.
 Silence                  Hex/Air        #.........   100%        5    ######.
 Summon Forest            Summ/Tloc      #.........   100%        5    ######.
 Yara's Violent Unravell  Hex/Tmut       #.........   100%        5    ######.
 Conjure Ball Lightning   Conj/Air       #.........   100%        6    #######
 Darkness                 Hex            #.........   100%        6    #######
 Death Channel            Necr           #.........   100%        6    #######
 Eringya's Noxious Bog    Tmut/Pois      #.........   100%        6    #######
 Freezing Cloud           Conj/Ice/Air   #.........   100%        6    #######
 Hydra Form               Tmut           #.........   100%        6    #######
 Invisibility             Hex            #.......     100%        6    #######
 Iron Shot                Conj/Erth      #.........   100%        6    #######
 Dragon Form              Tmut           #.........   100%        7    #######
 Ring of Flames           Chrm/Fire      #.........   100%        7    #######
 Summon Hydra             Summ           #.........   100%        7    #######
 Discord                  Hex            #.........   100%        8    #######
 Necromutation            Tmut/Necr      #.........   100%        8    #######
 Dragon's Call            Summ           #.........   100%        9    #######
 Shatter                  Erth           #.........   100%        9    #######
 Tornado                  Air            #.........   100%        9    #######
 Sublimation of Blood     Necr           Unusable     N/A         2    N/A
 Statue Form              Tmut/Erth      Unusable     N/A         6    N/A

Dungeon Overview and Level Annotations

Branches:
Dungeon (15/15)            Temple (1/1) D:5            Lair (6/6) D:9
 Shoals (4/4) Lair:4       Spider (4/4) Lair:4        Slime (5/5) Lair:6
    Orc (2/2) D:11            Elf (2/3) Orc:2        Vaults (5/5) D:14
  Crypt (3/3) Vaults:3       Tomb (0/3) Crypt:3      Depths (5/5) D:15
   Hell (visited)             Dis (0/7) Hell            Geh (7/7) Hell
    Coc (7/7) Hell            Tar (7/7) Hell            Zot (4/5) Depths:5
  Sewer (visited)         Ossuary (visited)           IceCv (visited)

Altars:
Cheibriados
Dithmenos
Elyvilon
Fedhas
Gozag
Hepliaklqana
Kikubaaqudgha
Makhleb
Nemelex Xobeh
Okawaru
Qazlal
Sif Muna
Trog
Uskayaw
Vehumet
Wu Jian
Xom
Yredelemnul
Zin
The Shining One
Beogh
Jiyva

Shops:
D:4 ?   D:7 [   D:10 [   D:12 ?   D:13 [   Orc:2 [}:??   Elf:1 *   Elf:2 (
Shoals:1 *   Shoals:4 [   Vaults:1 ?   Vaults:2 *   Vaults:5 =   Depths:1 [:!

Portals:
Hell: Depths:1 Depths:2 Depths:3 Depths:4 Depths:5
Abyss: Depths:3 Depths:4 Depths:5
Pandemonium: Depths:1 Depths:2 Depths:3 Depths:5
Ziggurat: Depths:4

Annotations:
D:4 1 runed translucent door, Crazy Yiuf
D:11 3 runed translucent doors, ChodeyFoster's ghost, novice MiBe
Shoals:1 3 runed translucent doors, exclusion: obsidian statue, Glennnyy's ghost, adept GrFi
Shoals:2 Polyphemus
Spider:4 Roxanne
Vaults:1 3 runed translucent doors, christhawk's ghost, adept MiHu
Geh:7 Asmodeus
Zot:1 25 runed doors


Innate Abilities, Weirdness & Mutations

You are resistant to torment.
Your stone body is resilient. (AC +20)
You are immune to poison.
Your large and strong wings let you fly indefinitely.
You resist negative energy. (rN+)
You are resistant to electric shocks. (rElec)
You can survive without breathing.
You are immune to petrification.
You are immune to rotting.
You have large cloven feet.
Scrolls take you longer to read.
Your spells are easier to cast, but less powerful.


Message History

You reach down and close the door.
Your surroundings suddenly seem different.
You start resting.
A gut-wrenching scream fills the air!
A Brimstone Fiend comes into view.
You punish the Brimstone Fiend, causing immense pain!!!
The Brimstone Fiend convulses!
The Brimstone Fiend is heavily wounded.
You hit the Brimstone Fiend but do no damage.
The Brimstone Fiend is heavily wounded.
The Brimstone Fiend calls on the powers of darkness!
Your body is wracked with pain!
* * * LOW HITPOINT WARNING * * *
You thrash the Brimstone Fiend!!
The Brimstone Fiend convulses!!
The Brimstone Fiend is almost dead.
You completely miss the Brimstone Fiend.
The Brimstone Fiend is almost dead.
The Brimstone Fiend gestures at you.
The sphere of damnation explodes!
The damnation engulfs you!!
You die...

##≈§#*☼..#...##≈≈≈≈≈≈#...##......
##§≈#*..###..##≈≈≈≈§≈#....#..#...
##≈≈##..,*,..##≈≈§§§§#...##......
##≈≈##..,,,..##≈§≈≈§§#...#8......
##§≈#***,,^***#§≈≈≈§§##..#.......
##≈§# *,,,* #≈§§≈§§≈#..#....##.
##≈§# *,,,* #≈≈≈≈≈≈≈#..#....##.
##≈≈# *,,,* #1§≈≈≈§≈#..#....^..
##≈≈# **+** #≈@§§≈§≈#..#.......
##≈§# **,,,** #§≈§§≈###..###.....
##≈≈#**,,,,,**#≈§§≈§#......#.....
##≈≈#*,,,,,,,*#≈§§§§#......######
##≈≈#*,,,,,,,*#≈≈≈≈§#..##........
##≈§#*,,,,,,,*#§§§≈§#..##........
##≈≈#*,{,,,,,*#§§§≈§#....^.######
##≈≈#**,,,,,**#§§§≈≈#......#§≈≈≈#
##≈≈# **,,,** #§≈§§≈########≈≈≈≈≈


You could see a Brimstone Fiend.

Vanquished Creatures
  Antaeus (Coc:7)
  the Royal Jelly (Slime:5)
  Ereshkigal (Tar:7)
  5 ancient liches
  Mennas (Depths:4)
  A juggernaut (Depths:2)
  Boris (Crypt:2)
  Saint Roka (Orc:2)
  31 large abominations
  Frederick (Vaults:3)
  15 shard shrikes
  3 caustic shrikes
  Geryon (Hell)
  A curse toe (Zot:4)
  8 golden dragons
  21 Tzitzimimeh
  14 bone dragons
  the Enchantress (Depths:1)
  An electric golem (Zot:2)
  2 profane servitors (Abyss:1)
  Nikola (Spider:1)
  11 doom hounds
  Jorgrun (Spider:2)
  13 Brimstone Fiends
  3 hellephants
  24 tentacled monstrosities
  10 Ice Fiends
  A deep elf blademaster (Abyss:1)
  16 liches
  6 quicksilver dragons
  4 titans
  A deep elf master archer (Depths:3)
  29 acid blobs
  2 Executioners
  8 death cobs
  Frances (Spider:2)
  17 tentacled starspawn
  2 ancient champions
  5 sphinxes
  11 storm dragons
  5 draconian monks
  A thorn hunter (Abyss:1)
  31 shadow dragons
  5 revenants
  12 azure jellies
  7 tengu reavers
  14 fire giants
  3 draconian knights
  9 frost giants
  8 ghost moths
  An orc warlord (Orc:1)
  5 cacodemons
  5 draconian scorchers
  2 deep elf sorcerers
  2 iron dragons (Hell)
  Aizul (Spider:1)
  4 emperor scorpions (Spider:4)
  8 vault wardens
  2 draconian shifters
  Louise (Spider:3)
  8 ghouls
  4 spriggan defenders
  19 balrugs
  4 deep elf elementalists
  5 draconian annihilators
  12 ironheart preservers
  29 very ugly things
  47 reapers
  A draconian stormcaller (Zot:1)
  Nessos (Orc:2)
  3 war gargoyles (Vaults:5)
  14 entropy weavers
  5 black draconians
  2 elemental wellsprings
  2 dire elephants (Abyss:1)
  17 stone giants
  6 yellow draconians
  An ophan (Abyss:3)
  15 green draconians
  2 lorocyprocas
  6 white draconians
  15 vampire knights
  8 red draconians
  A deep elf annihilator (Depths:3)
  2 spectral titans (Crypt:3)
  5 spark wasps
  Azrael (D:13)
  4 quicksilver dragon zombies
  3 purple draconians
  18 blizzard demons
  8 eidola
  12 fire dragons
  12 ettins
  12 ogre magi
  Snorg (Orc:2)
  5 green deaths
  7 death oozes
  Josephine (Orc:1)
  11 jiangshi
  5 merfolk javelineers
  5 deep elf death magi
  2 spectral quicksilver dragons (Crypt:3)
  7 merfolk impalers
  21 great orbs of eyes
  5 deep elf high priests
  A great orb of eyes (shapeshifter) (Depths:4)
  2 kraken zombies
  5 hydras
  20 yaktaur captains
  25 vault guards
  10 rakshasas
  Fannar (Lair:1)
  4 quicksilver dragon skeletons
  2 ghost crabs
  10 spriggan air magi
  2 catoblepae
  2 alligator snapping turtles (Shoals:3)
  18 centaur warriors
  2 merfolk avatars
  Erolcha (D:9)
  10 death knights
  25 dancing weapons
  25 ice dragons
  4 merfolk aquamancers
  31 two-headed ogres
  4 satyrs
  5 deep troll shamans
  4 death yaks
  5 tengu warriors
  A queen ant (Spider:1)
  7 thrashing horrors
  13 vampire magi
  11 deep elf knights
  9 spriggan berserkers
  20 hell hogs
  7 spriggans
  Urug (Orc:1)
  5 titan zombies
  5 spectral storm dragons (Crypt:3)
  5 orc high priests
  11 deep troll earth magi
  19 sun demons
  19 soul eaters
  31 hell knights
  4 storm dragon zombies
  An iron golem (Hell)
  4 spatial maelstroms
  17 wretched stars
  98 skeletal warriors
  5 iron trolls
  A salamander mystic (Depths:4)
  3 sixfirhies
  6 titan skeletons
  A fire crab (shapeshifter) (D:12)
  24 shadow wraiths
  29 shadow demons
  3 quicksilver dragon simulacra
  8 unseen horrors
  A glowing orange brain (shapeshifter) (Depths:3)
  13 anaconda zombies
  24 deep trolls
  14 sea snakes
  6 golden dragon zombies
  2 death drakes (shapeshifter)
  2 shadow dragon zombies
  2 death drakes (Tar:1)
  2 ghost moth zombies
  A gelid demonspawn (Depths:2)
  5 glowing orange brains
  4 storm dragon skeletons
  16 flayed ghosts
  5 wolf spider zombies
  Pikel (D:4)
  16 harpies
  6 deep elf archers
  2 spectral hydras (Crypt:3)
  6 anaconda skeletons
  10 wizards
  5 golden dragon skeletons
  13 ironbrand convokers
  An orange crystal statue (Elf:1)
  21 necromancers
  2 spectral wolf spiders (Crypt:3)
  28 phantasmal warriors
  21 orb spiders
  7 iron dragon zombies
  27 small abominations
  6 stone giant zombies
  A mana viper (Abyss:4)
  4 orb spiders (shapeshifter)
  A spectral ice dragon (Crypt:3)
  31 deep elf magi
  A spectral fire dragon (Crypt:3)
  12 manticores
  3 frost giant zombies
  2 manticores (shapeshifter)
  11 orc knights
  5 orc sorcerers
  2 tengu skeletons
  6 shining eyes
  37 wolf spiders
  10 fire giant zombies
  3 salamanders (Depths:4)
  40 ugly things
  24 moths of wrath
  10 cyclopes
  3 shadow dragon skeletons
  16 fauns
  4 iron dragon skeletons
  4 dire elephant zombies
  8 frost giant skeletons
  A black mamba (shapeshifter) (Vaults:3)
  2 ice statues
  A guardian serpent (shapeshifter) (Vaults:3)
  6 stone giant skeletons
  11 vault sentinels
  9 merfolk sirens
  6 worldbinders
  3 human skeletons
  32 smoke demons
  5 spectral swamp worms (Depths:2)
  5 apocalypse crabs
  5 water nymphs
  8 elephants
  6 fire giant skeletons
  7 rust devils
  3 molten gargoyles
  6 eyes of devastation
  A titan simulacrum (Crypt:1)
  6 black mambas (Lair:6)
  3 guardian serpents
  An alligator snapping turtle zombie (Crypt:3)
  Joseph (D:8)
  An orange demon (Crypt:1)
  A spiny frog (shapeshifter) (Elf:2)
  A catoblepas zombie (Crypt:1)
  5 dire elephant skeletons
  Maurice (D:8)
  20 hellions
  A pale draconian zombie (Crypt:1)
  2 storm dragon simulacra (Coc:7)
  3 yaktaur zombies
  2 gargoyles
  A shock serpent skeleton (Tar:5)
  2 torpor snails
  17 spiny frogs
  Maggie (D:8)
  8 komodo dragons
  74 yaktaurs
  3 rime drakes
  42 freezing wraiths
  30 tormentors
  A rime drake (shapeshifter) (Depths:4)
  3 anaconda simulacra
  6 tengu conjurers
  8 efreet
  An emperor scorpion zombie (Tar:4)
  11 demonic crawlers
  31 ice devils
  15 ancient zymes
  3 spriggan skeletons
  2 golden dragon simulacra
  A minotaur skeleton (Geh:3)
  A minotaur zombie (Geh:2)
  A spectral harpy (Crypt:3)
  A yaktaur skeleton (Depths:1)
  9 hellwings
  22 red devils
  9 harpy zombies
  A meliai (shapeshifter) (Vaults:5)
  14 hydra zombies
  3 catoblepas skeletons
  A death drake zombie (Crypt:3)
  3 silent spectres
  2 spectral guardian serpents (Crypt:1)
  6 meliai
  17 polar bears
  A shadow dragon simulacrum (Crypt:2)
  33 merfolk
  31 jumping spiders
  4 wind drakes
  A polar bear (shapeshifter) (Depths:2)
  6 trolls
  7 hydra skeletons
  16 hornets
  3 fire dragon zombies
  10 hippogriffs
  147 slime creatures
  13 snapping turtles
  A tengu simulacrum (Vaults:3)
  14 blink frogs
  5 harpy skeletons
  An iron dragon simulacrum (Depths:1)
  A blink frog (shapeshifter) (Depths:1)
  5 ettin zombies
  21 raiju
  2 meliai zombies
  A hippogriff (shapeshifter) (Vaults:1)
  3 bog bodies (Crypt:1)
  145 flying skulls
  6 ettin skeletons
  2 alligator zombies
  34 shadows
  5 fire dragon skeletons
  2 ice dragon zombies
  25 water elementals
  74 redbacks
  An air elemental (Abyss:1)
  3 vampires
  10 ice dragon skeletons
  A satyr skeleton (Crypt:2)
  A centaur simulacrum (D:15)
  Sigmund (D:5)
  39 wraiths
  A yak (shapeshifter) (Abyss:3)
  7 basilisks
  34 tarantellas
  13 wyverns
  13 ynoxinuls
  21 humans (D:14)
  A spectral elf (Crypt:3)
  65 yaks
  5 fire bats
  2 tyrant leech zombies
  3 alligator skeletons
  38 fire elementals
  7 golden eyes
  A redback simulacrum (D:15)
  11 chaos spawn
  10 hungry ghosts
  5 wargs
  A spectral spiny frog (Crypt:3)
  13 neqoxecs
  2 spatial vortices
  A torturous demonspawn zombie (Crypt:1)
  6 vampire mosquitoes
  9 hydra simulacra
  A glowing shapeshifter zombie (Crypt:3)
  2 nagas (Abyss:4)
  An acid dragon (shapeshifter) (Vaults:1)
  5 soldier ants
  Duvessa (D:6)
  7 spiny frog zombies
  17 water moccasins
  3 acid dragons
  A floating eye (Slime:3)
  2 merfolk skeletons
  A deep troll skeleton (Crypt:1)
  55 hell hounds
  48 orc warriors
  12 porcupines
  A hornet zombie (Crypt:1)
  5 black bears
  An eye of draining (shapeshifter) (Vaults:3)
  An ice beast (shapeshifter) (Elf:1)
  A torturous demonspawn skeleton (Crypt:3)
  3 sky beasts
  5 snapping turtle zombies
  9 ice beasts
  An ettin simulacrum (Coc:2)
  14 phantoms
  14 eyes of draining
  3 human zombies
  29 necrophages
  3 spiny frog skeletons
  A swamp dragon zombie (Tar:2)
  30 ogres
  10 boggarts
  21 centaurs
  5 manticore skeletons
  9 crocodiles
  A snapping turtle skeleton (Coc:7)
  30 wolves
  A big kobold (D:12)
  Blork the orc (D:6)
  18 bullfrogs
  A draconian zombie (Crypt:3)
  2 earth elementals (Abyss:1)
  3 hippogriff zombies
  2 glowing shapeshifter simulacra (Vaults:3)
  A merfolk simulacrum (Crypt:3)
  Dowan (D:6)
  8 scorpions
  A wyvern skeleton (D:14)
  A spectral tengu (Crypt:3)
  A spectral ogre (Crypt:3)
  A troll zombie (Crypt:1)
  A swamp dragon simulacrum (Abyss:3)
  4 killer bees
  4 howler monkeys
  89 wights
  3 electric eels
  A howler monkey (shapeshifter) (Depths:3)
  18 crimson imps
  A human simulacrum (Vaults:3)
  11 centaur zombies
  38 starcursed masses
  3 bullfrog zombies (Ossuary)
  12 quasits
  32 orc priests
  7 hounds
  4 jellies
  4 bullfrog skeletons
  3 centaur skeletons
  9 iron imps
  A gnoll shaman (D:6)
  4 iguanas
  39 orc wizards
  12 worker ants
  3 yak simulacra (Lair:4)
  3 polar bear simulacra (Lair:4)
  3 wolf simulacra (Lair:4)
  A killer bee zombie (D:10)
  A felid zombie (Crypt:3)
  A big kobold skeleton (Crypt:1)
  A naga skeleton (Abyss:2)
  2 hound zombies
  23 mummies
  4 worker ant zombies
  5 gnolls (D:6)
  19 adders
  15 shadow imps
  18 white imps
  4 oozes
  8 ufetubi
  A halfling zombie (Crypt:2)
  An adder skeleton (D:6)
  6 adder zombies
  6 worms
  A barachi zombie (Crypt:2)
  2 dart slugs
  4 leopard geckos
  117 orcs
  10 bats
  A bat skeleton (Crypt:1)
  8 giant cockroaches
  3 goblins
  8 hobgoblins
  A jackal (shapeshifter) (Vaults:5)
  10 jackals
  15 kobolds
  7 quokkas
  2 ball pythons
  11 frilled lizards
  A goblin skeleton (Crypt:2)
  A hobgoblin skeleton (Crypt:2)
  A jackal zombie (D:5)
  A leopard gecko skeleton (D:4)
  3 leopard gecko zombies
  An orc zombie (Crypt:2)
  2 quokka zombies (Ossuary)
  11 rats
  2 river rat simulacra (Lair:4)
  A briar patch (Abyss:1)
  3 crawling corpses
  27 fire vortices (Geh:7)
  2 lurking horrors
  10 starspawn tentacles
  A tentacle (Coc:7)
  2 withered plants
4418 creatures vanquished.

Vanquished Creatures (collateral kills)
  A shard shrike (Coc:7)
  A Tzitzimitl (Tar:7)
  A Brimstone Fiend (Geh:7)
  An Ice Fiend (Coc:7)
  An acid blob (Slime:5)
  5 ice dragons (Coc:7)
  A great orb of eyes (Slime:1)
  2 skeletal warriors (Tar:7)
  A storm dragon skeleton (Tar:7)
  A shadow dragon skeleton (Tar:7)
  A wolf spider zombie (Tar:7)
  A shining eye (Slime:1)
  A frost giant skeleton (Coc:7)
  An ice devil (Coc:7)
  A hydra zombie (Coc:7)
  4 slime creatures
  A flying skull (Coc:7)
  A water elemental (Coc:7)
  A spiny frog zombie (Coc:7)
  An eye of draining (Slime:1)
  An elf simulacrum (Coc:7)
  2 white imps (Coc:7)
31 creatures vanquished.

Vanquished Creatures (others)
  3 fire giants (Geh:7)
  2 draconian knights
  2 elemental wellsprings (Coc:7)
  A lorocyproca (Abyss:3)
  An ice dragon (Depths:5)
  A deep elf knight (Vaults:4)
  A necromancer (Depths:5)
  A deep elf mage (Elf:2)
  An eye of devastation (shapeshifter) (D:15)
  A hellion (Geh:7)
  A shadow (Abyss:2)
  A fire bat (Abyss:1)
  A chaos spawn (Abyss:3)
  A boggart (Vaults:2)
  4 wolves (IceCv)
  An orc wizard (Orc:1)
  An iron imp (Depths:5)
  3 ufetubi
  A demonic plant (Abyss:3)
  4 fire vortices (Geh:7)
  9 fungi
  A lurking horror (Abyss:3)
  14 plants
  73 starspawn tentacles
  11 tentacles
  A withered plant (Ossuary)
141 creatures vanquished.

Grand Total: 4590 creatures vanquished

Notes
Turn   | Place    | Note
-------+----------+-------------------------------------------
     0 | D:1      | rednit the Gargoyle Fighter began the quest for the Orb.
     0 | D:1      | Reached XP level 1. HP: 14/14 MP: 1/1
    42 | D:1      | Reached XP level 2. HP: 19/20 MP: 2/2
   343 | D:1      | Reached XP level 3. HP: 21/24 MP: 3/3
  1003 | D:2      | Reached skill level 5 in Fighting
  1086 | D:2      | Found a shimmering altar of Xom.
  1086 | D:2      | Found a stormy altar of Qazlal.
  1086 | D:2      | Found an ancient bone altar of Kikubaaqudgha.
  1086 | D:2      | Found a shimmering blue altar of Sif Muna.
  1090 | D:2      | Reached XP level 4. HP: 31/31 MP: 4/4
  1161 | D:2      | Found a glowing silver altar of Zin.
  1842 | D:3      | Found a glowing drain.
  1881 | D:3      | Reached XP level 5. HP: 28/36 MP: 5/5
  1892 | Sewer    | Entered a sewer
  2513 | D:3      | Found a basalt altar of Yredelemnul.
  3061 | D:3      | Found a snail-covered altar of Cheibriados.
  3219 | D:4      | Found Ampeod's Magic Scroll Boutique.
  3227 | D:4      | Bought a scroll of blinking for 105 gold pieces
  3295 | D:4      | Reached XP level 6. HP: 28/44 MP: 6/6
  3899 | D:4      | Found a runed translucent door.
  3900 | D:4      | Noticed Crazy Yiuf
  4100 | D:4      | Noticed a slave
  4121 | D:5      | Entered Level 5 of the Dungeon
  4148 | D:5      | Noticed a wyvern
  4155 | D:5      | Reached XP level 7. HP: 48/49 MP: 7/7
  4158 | D:5      | Noticed Sigmund
  4161 | D:5      | Killed a wyvern
  4161 | D:5      | Reached skill level 5 in Shields
  4785 | D:4      | Noticed Pikel
  4816 | D:4      | Killed Pikel
  4816 | D:4      | Reached XP level 8. HP: 48/54 MP: 8/8
  5094 | D:5      | Killed Sigmund
  5333 | D:5      | Found a staircase to the Ecumenical Temple.
  5506 | D:5      | Reached XP level 9. HP: 43/59 MP: 9/9
  5636 | Temple   | Entered the Ecumenical Temple
  5645 | Temple   | Became a worshipper of Makhleb the Destroyer
  5698 | D:5      | Found a shimmering blue altar of Sif Muna.
  6160 | D:6      | Noticed Blork the orc
  6172 | D:6      | Killed Blork the orc
  6621 | D:6      | Reached skill level 10 in Maces & Flails
  6769 | D:6      | Reached * piety under Makhleb
  6932 | D:6      | Noticed Duvessa
  6948 | D:6      | Killed Duvessa
  6970 | D:6      | Noticed Dowan
  6985 | D:6      | Killed Dowan
  7474 | D:7      | Found Voexuatsam's Armour Boutique.
  7610 | D:7      | Noticed a freezing wraith
  7613 | D:7      | Noticed a death knight
  7733 | D:8      | Noticed Maggie
  7751 | D:8      | Killed Maggie
  7751 | D:8      | Reached XP level 10. HP: 64/64 MP: 10/10
  7771 | D:8      | Noticed Maurice
  7795 | D:8      | Killed Maurice
  7823 | D:8      | Reached skill level 1 in Dodging
  7905 | D:8      | Reached skill level 1 in Stealth
  7944 | D:8      | Reached skill level 1 in Evocations
  8115 | D:8      | Noticed Joseph
  8124 | D:8      | Killed Joseph
  8139 | D:8      | Reached ** piety under Makhleb
  8161 | D:8      | Found a sand-covered staircase.
  8170 | Ossuary  | Entered an ossuary
  8928 | D:8      | Reached *** piety under Makhleb
  9408 | D:9      | Found a staircase to the Lair.
  9444 | D:9      | Reached skill level 5 in Stealth
  9626 | D:9      | Found a bloodstained altar of Trog.
  9662 | D:9      | Reached skill level 10 in Fighting
  9662 | D:9      | Reached XP level 11. HP: 69/72 MP: 13/13
  9867 | D:9      | Noticed Erolcha
  9882 | D:9      | Killed Erolcha
 10129 | D:9      | Found a roughly hewn altar of Beogh.
 10162 | D:9      | Reached **** piety under Makhleb
 10403 | D:10     | Entered Level 10 of the Dungeon
 10477 | D:10     | Found Pugiup's Armour Emporium.
 10749 | D:10     | Killed an unseen horror
 10784 | D:10     | Reached ***** piety under Makhleb
 11204 | Lair:1   | Entered Level 1 of the Lair of Beasts
 11219 | Lair:1   | Found a frozen archway.
 11278 | IceCv    | Entered an ice cave
 11465 | IceCv    | Reached skill level 5 in Armour
 11579 | IceCv    | Noticed a death yak
 11580 | IceCv    | Noticed a frost giant
 11595 | IceCv    | Killed a frost giant
 11595 | IceCv    | Reached XP level 12. HP: 58/81 MP: 14/14
 11629 | IceCv    | Killed a death yak
 13146 | Lair:1   | Reached skill level 10 in Armour
 13303 | Lair:2   | Noticed Fannar
 13386 | Lair:1   | Killed Fannar
 13386 | Lair:1   | Reached XP level 13. HP: 76/89 MP: 15/15
 13505 | Lair:2   | Identified a scroll of acquirement
 14332 | D:7      | Bought a scarf of resistance for 384 gold pieces
 15582 | Lair:4   | Found a hole to the Spider Nest.
 15609 | Lair:4   | Identified the +3 battleaxe of the Solstice {flame, rF-
                  | rC++ rN+++ Int-5} (You found it on level 4 of the Lair of
                  | Beasts)
 15627 | Lair:4   | Reached ****** piety under Makhleb
 15635 | Lair:4   | Got the +2 helmet of Hedonism {rC+}
 15767 | Lair:4   | Got a faintly humming tower shield
 16008 | Lair:4   | Found a staircase to the Shoals.
 16677 | Lair:5   | You fall into a shaft and drop 1 floor!
 16677 | Lair:6   | Entered Level 6 of the Lair of Beasts
 16731 | Lair:6   | Reached skill level 10 in Shields
 16889 | Lair:6   | Reached skill level 1 in Invocations
 16935 | Lair:6   | Identified the +2 tower shield "Lyty" {+Blink rF- rN+ Dex+3
                  | SInv} (You found it on level 4 of the Lair of Beasts)
 17021 | Lair:6   | Gained mutation: Your large and strong wings let you fly
                  | indefinitely. [Gargoyle growth]
 17021 | Lair:6   | Reached XP level 14. HP: 80/96 MP: 16/16
 17188 | Lair:6   | Found a viscous altar of Jiyva.
 17188 | Lair:6   | Found a staircase to the Slime Pits.
 17277 | Lair:6   | Reached skill level 5 in Invocations
 19125 | D:11     | Found a staircase to the Orcish Mines.
 19283 | D:11     | Noticed ChodeyFoster's ghost (novice MiBe)
 19336 | D:11     | Found a runed translucent gate.
 19341 | D:11     | Found a runed translucent gate.
 19342 | D:11     | Found a runed translucent gate.
 19604 | D:11     | Found a gate leading to a gauntlet.
 19895 | Orc:1    | Entered Level 1 of the Orcish Mines
 20062 | Orc:1    | Noticed Josephine
 20135 | Orc:1    | Killed Josephine
 20138 | Orc:1    | Noticed Urug
 20150 | Orc:1    | Killed Urug
 20481 | Orc:2    | Entered Level 2 of the Orcish Mines
 20528 | Orc:2    | Noticed Nessos
 20539 | Orc:2    | Killed Nessos
 20641 | Orc:2    | Noticed Snorg
 20651 | Orc:2    | Noticed Saint Roka
 20656 | Orc:2    | Killed Snorg
 20656 | Orc:2    | Reached XP level 15. HP: 43/100 MP: 21/21
 21108 | Orc:2    | Killed Saint Roka
 21112 | Orc:2    | Reached skill level 10 in Invocations
 21349 | Orc:2    | Found Fiepn's Armour Emporium.
 21349 | Orc:2    | Found Vuhanaimn's Gadget Emporium.
 21350 | Orc:2    | Found Quoj's Magic Scroll Shoppe.
 21353 | Orc:2    | Found Usergh's Book Shoppe.
 21367 | Orc:2    | Bought a scroll of fog for 26 gold pieces
 21370 | Orc:2    | Bought a wand of acid (9) for 312 gold pieces
 21382 | Orc:2    | Bought the +2 pair of gloves of the Scribe {rPois rC+} for
                  | 457 gold pieces
 21492 | Orc:2    | Gained mutation: You are occasionally teleported next to
                  | monsters. [a neqoxec]
 21641 | Orc:2    | Found a staircase to the Elven Halls.
 21672 | Orc:2    | Lost mutation: You are occasionally teleported next to
                  | monsters. [potion of mutation]
 21672 | Orc:2    | Gained mutation: You are resistant to hostile enchantments.
                  | (MR+) [potion of mutation]
 21672 | Orc:2    | Gained mutation: You are agile. (Dex +2) [potion of
                  | mutation]
 21678 | Orc:2    | Found Caogiu Uguck's Magic Scroll Emporium.
 21681 | Orc:2    | Bought a scroll of enchant weapon for 90 gold pieces
 21681 | Orc:2    | Bought a scroll of enchant armour for 90 gold pieces
 22078 | Orc:1    | Noticed an orc warlord
 22094 | Orc:1    | Killed an orc warlord
 23073 | D:12     | Reached skill level 15 in Shields
 23419 | D:12     | Found Zasub's Magic Scroll Emporium.
 23459 | D:12     | Found a shadowy altar of Dithmenos.
 23485 | D:12     | Bought a scroll of enchant armour for 112 gold pieces
 23485 | D:12     | Bought a scroll of enchant armour for 112 gold pieces
 23485 | D:12     | Bought a scroll of enchant armour for 112 gold pieces
 24038 | D:13     | Noticed Azrael
 24079 | D:13     | Killed Azrael
 24367 | D:13     | Found Caohya's Antique Armour Emporium.
 24382 | D:13     | Reached skill level 15 in Fighting
 24389 | D:13     | Bought a runed kite shield for 195 gold pieces
 24391 | D:13     | Got the +7 eveningstar "Aforeon" {vorpal, rElec rF+ rN+
                  | Dex+3}
 24599 | D:14     | Reached XP level 16. HP: 108/108 MP: 24/24
 24788 | D:14     | You fall into a shaft and drop 1 floor!
 24788 | D:15     | Entered Level 15 of the Dungeon
 24849 | D:14     | Found a shimmering blue altar of Sif Muna.
 25273 | D:14     | Found a gate to the Vaults.
 25999 | D:15     | Found a staircase to the Depths.
 26015 | D:15     | Identified the +6 hand axe of Xyclocab {flame, rElec rC+
                  | Dex+4}
 26035 | D:15     | Reached skill level 15 in Maces & Flails
 26689 | Spider:1 | Entered Level 1 of the Spider Nest
 26849 | Spider:1 | Noticed Aizul
 26863 | Spider:1 | Killed Aizul
 27031 | Spider:1 | Noticed Nikola
 27046 | Spider:1 | Killed Nikola
 27046 | Spider:1 | Reached XP level 17. HP: 115/115 MP: 25/25
 27860 | Spider:1 | You fall into a shaft and drop 1 floor!
 28459 | Spider:2 | You are sucked into a shaft and drop 1 floor!
 28517 | Spider:3 | Reached skill level 5 in Evocations
 28756 | Spider:3 | Noticed Louise
 28767 | Spider:3 | Killed Louise
 29736 | Spider:2 | Noticed Frances
 29748 | Spider:2 | Killed Frances
 29866 | Spider:2 | Reached XP level 18. HP: 122/122 MP: 26/26
 29890 | Spider:2 | Noticed Jorgrun
 29896 | Spider:2 | Killed Jorgrun
 30400 | Spider:4 | Entered Level 4 of the Spider Nest
 30412 | Spider:4 | Noticed Roxanne
 30426 | Spider:4 | Reached XP level 19. HP: 128/128 MP: 27/27
 31091 | Spider:4 | Reached skill level 15 in Armour
 31316 | Spider:4 | Got a gossamer rune of Zot
 31616 | Shoals:1 | Entered Level 1 of the Shoals
 31816 | Shoals:1 | Found a runed translucent gate.
 31828 | Shoals:1 | Found a runed translucent gate.
 31828 | Shoals:1 | Found an opulent altar of Gozag.
 31842 | Shoals:1 | Found a runed translucent gate.
 32081 | Shoals:1 | Noticed Glennnyy's ghost (adept GrFi)
 32083 | Shoals:1 | Found Hiass's Assorted Antiques.
 33098 | Shoals:2 | Noticed Polyphemus
 33969 | Shoals:3 | Reached XP level 20. HP: 139/139 MP: 28/28
 34299 | Shoals:4 | Entered Level 4 of the Shoals
 34299 | Shoals:4 | Found Xaecuhot's Armour Shoppe.
 34920 | Shoals:4 | Identified the +9 long sword "Wiphosch" {vorpal, rElec
                  | Int+6}
 35320 | Shoals:4 | Got a barnacled rune of Zot
 35470 | Shoals:4 | Identified the +6 short sword of the Bruised Tusks {drain,
                  | *Corrode rC+++ Int-5 SInv}
 36422 | Vaults:1 | Entered Level 1 of the Vaults
 36941 | Vaults:1 | Found Noecvuz's Magic Scroll Shop.
 36948 | Vaults:1 | Bought a scroll of acquirement for 936 gold pieces
 36961 | Vaults:1 | Identified a +1 pair of boots of running (You acquired it
                  | on level 1 of the Vaults)
 37119 | Vaults:1 | Reached skill level 10 in Stealth
 37563 | Vaults:1 | Found a runed translucent gate.
 37563 | Vaults:1 | Found a runed translucent gate.
 37563 | Vaults:1 | Found a runed translucent gate.
 37566 | Vaults:1 | Noticed christhawk's ghost (adept MiHu)
 37881 | Vaults:2 | Found Ycubyant's General Store.
 39072 | Vaults:3 | Reached XP level 21. HP: 142/146 MP: 30/30
 39167 | Vaults:3 | Noticed Frederick
 39184 | Vaults:3 | Reached skill level 5 in Dodging
 39334 | Vaults:3 | Killed Frederick
 39794 | Vaults:3 | Found a staircase to the Crypt.
 40188 | Vaults:4 | Paralysed by a sphinx for 7 turns
 41731 | Vaults:4 | Reached XP level 22. HP: 143/152 MP: 32/32
 42268 | Depths:1 | Entered Level 1 of the Depths
 42287 | Depths:1 | Found a gateway to Hell.
 42313 | Depths:1 | Reached skill level 10 in Evocations
 42352 | Depths:1 | Noticed the Enchantress
 42438 | Depths:1 | Killed the Enchantress
 42629 | Depths:1 | Found Fuwuofal's Antique Armour Emporium.
 42633 | Depths:1 | Found Riluq's Book Shoppe.
 42634 | Depths:1 | Found Edoshisu's Distillery.
 42771 | Depths:1 | Found a one-way gate leading to the halls of Pandemonium.
 44189 | Depths:2 | Noticed a juggernaut
 44202 | Depths:2 | Killed a juggernaut
 44778 | Depths:2 | Reached XP level 23. HP: 159/164 MP: 33/33
 44895 | Depths:1 | Bought masterwork gold dragon scales for 2635 gold pieces
 44904 | Depths:1 | Identified the +3 gold dragon scales of the Dice {-Cast
                  | rElec rPois rF+ rC+ Str+8 Int-3} (You bought it in a shop
                  | on level 1 of the Depths)
 45166 | Depths:3 | Noticed a caustic shrike
 45189 | Depths:3 | Killed a caustic shrike
 45199 | Depths:3 | Killed a ghostly caustic shrike
 45818 | Depths:3 | Found a one-way gate to the infinite horrors of the Abyss.
 46180 | Depths:3 | Identified Hiuraif's Incunabulum of the Lizard
 46292 | Depths:3 | Found the +2 hood of the Assassin {Detection Stab+ Stlth++}
 46300 | Depths:3 | Got the +2 hood of the Assassin {Detection Stab+ Stlth++}
 46683 | Depths:4 | Noticed a golden dragon
 46696 | Depths:4 | Killed a golden dragon
 46710 | Depths:4 | Reached XP level 24. HP: 173/173 MP: 33/33
 46769 | Depths:4 | Found a gateway to a ziggurat.
 46831 | Depths:4 | Noticed Mennas
 46849 | Depths:4 | Killed Mennas
 46922 | Depths:4 | Noticed a caustic shrike
 46931 | Depths:4 | Noticed a caustic shrike
 46939 | Depths:4 | Killed a caustic shrike
 46953 | Depths:4 | Killed a caustic shrike
 46998 | Depths:4 | You fall into a shaft and drop 1 floor!
 46998 | Depths:5 | Entered Level 5 of the Depths
 47173 | Depths:4 | Identified the cursed +1 mace "Oviax" {vorpal, rN+ SInv}
                  | (You found it on level 4 of the Depths)
 47354 | Depths:4 | You fall into a shaft and drop 1 floor!
 47743 | Depths:5 | Reached skill level 15 in Invocations
 47914 | Depths:5 | Found a gate to the Realm of Zot.
 48685 | Depths:5 | Reached XP level 25. HP: 181/181 MP: 34/34
 49491 | Elf:1    | Entered Level 1 of the Elven Halls
 49731 | Elf:1    | Found Nixo's General Store.
 49870 | Elf:1    | Found the +0 staff of Battle
 50541 | Elf:2    | Found a radiant altar of Vehumet.
 50593 | Elf:2    | Found Lialufat's Weapon Emporium.
 50884 | Elf:2    | Found a runed translucent gate.
 50884 | Elf:2    | Found a runed translucent gate.
 50941 | Elf:2    | Found a runed translucent gate.
 51720 | Vaults:5 | Entered Level 5 of the Vaults
 51748 | Vaults:5 | Noticed an ancient lich
 51762 | Vaults:5 | Killed an ancient lich
 51983 | Vaults:5 | Reached XP level 26. HP: 188/188 MP: 36/36
 52152 | Vaults:5 | Identified the cursed +0 trident of Starshine {flame, rF+}
 52187 | Vaults:5 | Identified the +7 morningstar of Living Prudence {vorpal,
                  | Str+7 Dex+4}
 52316 | Vaults:5 | Identified the cursed +1 war axe "Keul" {venom, Int+7}
 52804 | Vaults:5 | Found Loseng's Jewellery Shoppe.
 52814 | Vaults:5 | Bought an uncursed amulet of regeneration for 390 gold
                  | pieces
 52814 | Vaults:5 | Bought an uncursed ring of resist corrosion for 260 gold
                  | pieces
 52898 | Vaults:5 | Noticed an ancient lich
 52906 | Vaults:5 | Killed an ancient lich
 52946 | Vaults:5 | Got a silver rune of Zot
 53559 | Zot:1    | Entered Level 1 of the Realm of Zot
 53595 | Zot:1    | Found a huge runed gate.
 53705 | Zot:1    | Found a huge runed gate.
 53705 | Zot:1    | Found a huge runed gate.
 53705 | Zot:1    | Found a huge runed gate.
 53723 | Zot:1    | Found a huge runed gate.
 53723 | Zot:1    | Found a huge runed gate.
 53723 | Zot:1    | Found a huge runed gate.
 53815 | Zot:1    | You fall into a shaft and drop 1 floor!
 53859 | Zot:1    | Found a huge runed gate.
 53859 | Zot:1    | Found a huge runed gate.
 53859 | Zot:1    | Found a huge runed gate.
 53859 | Zot:1    | Found a huge runed gate.
 53860 | Zot:1    | Found a huge runed gate.
 53860 | Zot:1    | Found a huge runed gate.
 53869 | Zot:1    | Found a huge runed gate.
 53869 | Zot:1    | Found a huge runed gate.
 53925 | Zot:1    | Found a huge runed gate.
 53925 | Zot:1    | Found a huge runed gate.
 53925 | Zot:1    | Found a huge runed gate.
 53925 | Zot:1    | Found a huge runed gate.
 53927 | Zot:1    | Found a huge runed gate.
 53932 | Zot:1    | Found a huge runed gate.
 53932 | Zot:1    | Found a huge runed gate.
 53932 | Zot:1    | Found a huge runed gate.
 53932 | Zot:1    | Found a huge runed gate.
 53932 | Zot:1    | Found a huge runed gate.
 54313 | Zot:2    | Reached XP level 27. HP: 193/193 MP: 37/37
 55181 | Zot:2    | Identified the Papyrus of the Earthen Volcanoes
 57462 | Depths:3 | Voluntarily entered the Abyss.
 57623 | Abyss:1  | Found a corrupted altar of Lugonu.
 57758 | Abyss:1  | Found a corrupted altar of Lugonu.
 58168 | Abyss:1  | Found a corrupted altar of Lugonu.
 58203 | Abyss:2  | Gained mutation: Armour fits poorly on your strangely
                  | shaped body. [a neqoxec]
 58378 | Abyss:3  | Found a corrupted altar of Lugonu.
 58526 | Abyss:3  | Got a fine ivory amulet
 59064 | Abyss:4  | Found a corrupted altar of Lugonu.
 59089 | Abyss:4  | Found a corrupted altar of Lugonu.
 59105 | Abyss:4  | Found a radiant altar of Vehumet.
 59153 | Abyss:4  | Found a viscous altar of Jiyva.
 59307 | Abyss:4  | Identified the amulet of Altruism {RegenMP +Blink Int+5
                  | Dex-4} (You found it on level 3 of the Abyss)
 59566 | Abyss:4  | Found a corrupted altar of Lugonu.
 59613 | Abyss:4  | Gained mutation: You possess an exceptional clarity of
                  | mind. [a neqoxec]
 59626 | Abyss:4  | Lost intelligence.
 59651 | Depths:3 | Escaped the Abyss
 59779 | Depths:3 | Voluntarily entered the Abyss.
 59820 | Abyss:1  | Paralysed by accursed screaming for 2 turns
 59869 | Abyss:1  | Paralysed by accursed screaming for 1 turns
 60053 | Abyss:1  | Found a runed gate.
 60053 | Abyss:1  | Found a runed gate.
 60053 | Abyss:1  | Found a runed gate.
 60059 | Abyss:1  | Found a large runed door.
 60059 | Abyss:1  | Found a large runed door.
 60266 | Abyss:1  | Found a shadowy altar of Dithmenos.
 60392 | Abyss:1  | Gained mutation: Scrolls take you a little longer to read.
                  | [a neqoxec]
 60447 | Abyss:1  | Found a huge runed gate.
 60449 | Abyss:1  | Found a huge runed gate.
 60450 | Abyss:1  | Found a huge runed gate.
 60452 | Abyss:1  | Found a huge runed gate.
 60452 | Abyss:1  | Found a huge runed gate.
 60453 | Abyss:1  | Found a huge runed gate.
 60456 | Abyss:1  | Found a huge runed gate.
 60457 | Abyss:1  | Found a huge runed gate.
 60774 | Abyss:1  | Found a huge runed gate.
 60774 | Abyss:1  | Found a huge runed gate.
 60781 | Abyss:1  | Found a huge runed gate.
 60781 | Abyss:1  | Found a huge runed gate.
 61097 | Abyss:1  | Found a huge runed gate.
 61097 | Abyss:1  | Found a huge runed gate.
 61097 | Abyss:1  | Found a huge runed gate.
 61097 | Abyss:1  | Found a huge runed gate.
 61104 | Abyss:1  | Found a huge runed gate.
 61226 | Abyss:2  | Found a stormy altar of Qazlal.
 61741 | Abyss:2  | Found a runed translucent door.
 62529 | Abyss:3  | Found a shadowy altar of Dithmenos.
 62588 | Abyss:3  | Gained mutation: Your spells are a little easier to cast,
                  | but a little less powerful. [a neqoxec]
 62657 | Abyss:3  | Lost mutation: You are agile. (Dex +2) [a neqoxec]
 63156 | Abyss:3  | Got an abyssal rune of Zot
 63316 | Depths:3 | Escaped the Abyss
 63588 | Slime:1  | Entered Level 1 of the Pits of Slime
 63599 | Slime:1  | Gained mutation: Scrolls take you much longer to read. [a
                  | shining eye]
 63606 | Slime:1  | Gained mutation: Your magical capacity is extremely low.
                  | (-30% MP) [a shining eye]
 63689 | Slime:1  | Lost mutation: Armour fits poorly on your strangely shaped
                  | body. [potion of mutation]
 63689 | Slime:1  | Lost mutation: Scrolls take you longer to read. [potion of
                  | mutation]
 63689 | Slime:1  | Lost mutation: You are resistant to hostile enchantments.
                  | (MR+) [potion of mutation]
 63689 | Slime:1  | Gained mutation: You are robust. (+10% HP) [potion of
                  | mutation]
 63935 | Slime:2  | Reached skill level 27 in Fighting
 64264 | Slime:3  | Paralysed by a floating eye for 2 turns
 64918 | Slime:1  | Gained mutation: Potions are less effective at restoring
                  | your health. [a shining eye]
 64925 | Slime:1  | Gained mutation: Scrolls take you longer to read. [a
                  | shining eye]
 65297 | Slime:3  | Lost mutation: You are robust. (+10% HP) [a shining eye]
 66194 | Slime:5  | Entered Level 5 of the Pits of Slime
 66293 | Slime:5  | Gained mutation: You are frail. (-10% HP) [a shining eye]
 66323 | Slime:5  | Reached skill level 27 in Armour
 66527 | Slime:5  | Gained mutation: You are weak. (Str -2) [a shining eye]
 66534 | Slime:5  | Paralysed by a great orb of eyes for 7 turns
 66553 | Slime:5  | Gained mutation: You are clumsy. (Dex -2) [a shining eye]
 66556 | Slime:5  | Gained mutation: Your spells are easier to cast, but less
                  | powerful. [a shining eye]
 66557 | Slime:5  | Gained mutation: You occasionally shout uncontrollably at
                  | your foes. [a shining eye]
 66561 | Slime:5  | Gained mutation: Your spells are much easier to cast, but
                  | much less powerful. [a shining eye]
 66646 | Slime:5  | Paralysed by a great orb of eyes for 6 turns
 66912 | Slime:5  | Found a viscous altar of Jiyva.
 66913 | Slime:5  | Noticed the Royal Jelly
 66957 | Slime:5  | Killed the Royal Jelly
 67055 | Slime:5  | Found the +8 arc blade {discharge, rElec}
 67056 | Slime:5  | Found the +2 robe of Vines {NoPotionHeal Regen+7}
 67056 | Slime:5  | Found the +0 pair of fencer's gloves {Riposte Dex+3}
 67058 | Slime:5  | Found the +3 Elemental Staff {rElec rF++ rC++ MR++ AC+5}
 67117 | Slime:5  | Got a slimy rune of Zot
 67574 | Temple   | Fell from the grace of Makhleb
 67574 | Temple   | Became a worshipper of the Shining One
 67867 | Crypt:1  | Entered Level 1 of the Crypt
 67884 | Crypt:1  | Reached * piety under the Shining One
 68001 | Crypt:1  | Reached ** piety under the Shining One
 68195 | Crypt:1  | Reached *** piety under the Shining One
 68349 | Crypt:1  | Reached **** piety under the Shining One
 68560 | Crypt:1  | Reached ***** piety under the Shining One
 69039 | Crypt:2  | Reached ****** piety under the Shining One
 69132 | Crypt:2  | Noticed Boris
 69141 | Crypt:2  | Killed Boris
 69576 | Crypt:3  | Entered Level 3 of the Crypt
 69832 | Crypt:3  | Found a staircase to the Tomb.
 70370 | Crypt:3  | Identified the Compendium of Dark Rites
 71131 | Hell     | Entered the Vestibule of Hell
 71131 | Hell     | Noticed Geryon
 71147 | Hell     | Killed Geryon
 71317 | Hell     | Reached skill level 27 in Invocations
 71355 | Hell     | Found a gateway to the Iron City of Dis.
 71554 | Hell     | Found a gateway to the ashen valley of Gehenna.
 71621 | Hell     | Found a gateway to the decaying netherworld of Tartarus.
 71765 | Hell     | Found a gateway to the freezing wastes of Cocytus.
 71841 | Coc:1    | Entered Level 1 of Cocytus
 72611 | Coc:5    | Reached skill level 15 in Evocations
 72855 | Coc:7    | Entered Level 7 of Cocytus
 73805 | Coc:7    | Noticed Antaeus
 73827 | Coc:7    | Killed Antaeus
 73842 | Coc:7    | Got an icy rune of Zot
 73853 | Coc:7    | Got a translucent turquoise ring
 73856 | Coc:7    | Identified the ring of Utimeiv {rC+ AC+4} (You found it on
                  | level 7 of Cocytus)
 74300 | Tar:1    | Entered Level 1 of Tartarus
 75318 | Tar:1    | Was forgiven by Makhleb
 76801 | Tar:7    | Entered Level 7 of Tartarus
 77443 | Tar:7    | Identified the amulet "Tiffor" {Faith rN+} (You found it on
                  | level 7 of Tartarus)
 77487 | Tar:7    | Noticed an ancient lich
 77496 | Tar:7    | Cast into level 4 of the Abyss (a lich)
 77514 | Tar:7    | Escaped the Abyss
 77517 | Tar:7    | Killed an ancient lich
 77540 | Tar:7    | Identified the ring of Kahe {+Fly Dex+4} (You found it on
                  | level 7 of Tartarus)
 77817 | Tar:7    | Noticed an ancient lich
 77825 | Tar:7    | Killed an ancient lich
 77994 | Tar:7    | Noticed an ancient lich
 78006 | Tar:7    | Killed an ancient lich
 78069 | Tar:7    | Noticed Ereshkigal
 78085 | Tar:7    | Killed Ereshkigal
 78345 | Tar:7    | Got a bone rune of Zot
 78731 | Depths:3 | Lost mutation: Your magical capacity is low. (-10% MP)
                  | [potion of mutation]
 78731 | Depths:3 | Lost mutation: You possess an exceptional clarity of mind.
                  | [potion of mutation]
 78731 | Depths:3 | Lost mutation: You are frail. (-10% HP) [potion of
                  | mutation]
 78731 | Depths:3 | Lost mutation: You are weak. (Str -2) [potion of mutation]
 78731 | Depths:3 | Gained mutation: You expend magic power (3 MP) to
                  | strengthen your wands. [potion of mutation]
 78732 | Depths:3 | Lost mutation: Your spells are much easier to cast, but
                  | much less powerful. [potion of mutation]
 78732 | Depths:3 | Lost mutation: You expend magic power (3 MP) to strengthen
                  | your wands. [potion of mutation]
 78732 | Depths:3 | Lost mutation: Your spells are easier to cast, but less
                  | powerful. [potion of mutation]
 78732 | Depths:3 | Lost mutation: Potions are less effective at restoring your
                  | health. [potion of mutation]
 78732 | Depths:3 | Gained mutation: Your spells are easier to cast, but less
                  | powerful. [potion of mutation]
 78732 | Depths:3 | Gained mutation: You expend magic power (3 MP) to
                  | strengthen your wands. [potion of mutation]
 78732 | Depths:3 | Gained mutation: You are partially covered in molten
                  | scales. (AC +2) [potion of mutation]
 78733 | Depths:3 | Lost mutation: You expend magic power (3 MP) to strengthen
                  | your wands. [potion of mutation]
 78733 | Depths:3 | Lost mutation: You occasionally shout uncontrollably at
                  | your foes. [potion of mutation]
 78733 | Depths:3 | Lost mutation: You are clumsy. (Dex -2) [potion of
                  | mutation]
 78733 | Depths:3 | Lost mutation: You are partially covered in molten scales.
                  | (AC +2) [potion of mutation]
 78733 | Depths:3 | Gained mutation: You have large cloven feet. [potion of
                  | mutation]
 79042 | Vaults:5 | Bought the cursed ring of Tinyej {rF+ Str+5 Int-4} for 273
                  | gold pieces
 79316 | Geh:1    | Entered Level 1 of Gehenna
 81637 | Geh:7    | Entered Level 7 of Gehenna
 81988 | Geh:7    | Reached skill level 27 in Shields
 82829 | Geh:7    | Identified the +7 sceptre of Asmodeus
 82829 | Geh:7    | Noticed Asmodeus
 82868 | Geh:7    | Killed from afar by a Brimstone Fiend

Illustrated notes

Levels and vault maps discovered:
D:1:      matt_arrival_los_fun, layout_basic, serial_bayou_lagoon_a
D:2:      layout_loops_ring, nicolae_overflow_crystal_walls,
          chequers_temple_overflow_statue_of_worship, minmay_fractal_squares_5
D:3:      layout_loops_corners, marbit_many_paths, lemuel_doored_altar,
          gup_sewer_entry_glass, chequers_avenue, chequers_serial_rivers_small_a
D:4:      layout_basic, serial_shops, shop, uniq_crazy_yiuf_cottage, uniq_pikel
D:5:      layout_cave_pools, minmay_temple_entry_drinking_statues, first_ration,
          serial_bayou_pond_d, led_sif_book, uniq_sigmund
D:6:      layout_basic, uniq_blork_the_orc, uniq_duvessa
D:7:      layout_loops_ring, nicolae_overflow_hidden_temple,
          overflow_temple_1_default, serial_shops, nicolae_shop_waterfront,
          the_bakery, uniq_harold
D:8:      layout_basic, enter_ossuary_1, uniq_joseph, uniq_maggie, uniq_maurice
D:9:      layout_cave_pools, overflow_temple_1_default,
          due_lair_maze_entry_diamond, special_room [special_room_orc],
          uniq_erolcha
D:10:     layout_cave_pools, serial_shops, nicolae_shop_window_shopping
D:11:     layout_gridville, david_orc_3, maelrawn_ghost_gauntlet_escape,
          gauntlet_entry_generic
D:12:     minmay_the_grid_four_pointed_star
          [minmay_the_grid_triangle_9x9_from_above,
          minmay_the_grid_triangle_9x9_flanged_cone,
          minmay_the_grid_triangle_9x9_windchime,
          minmay_the_grid_triangle_9x9_checkered,
          minmay_the_grid_prize_big_room], layout_small_grid, serial_undead,
          serial_undead_a, serial_undead_e, serial_undead_a, serial_undead_f,
          serial_undead_a, serial_undead_b, serial_shops,
          nicolae_shop_waterfront, grunt_dithmenos_shadows
D:13:     layout_gridville, serial_shops, kennysheep_mini_moat, uniq_azrael
D:14:     layout_irregular_city, grunt_vaults_entry_tiered, minmay_fountain_box,
          basic_altar
D:15:     hangedman_depths_entry_civil_slaughter, layout_long_grid,
          kennysheep_two_boxes
Temple:   nicolae_temple_no_exploring_needed
Lair:1:   layout_regular_city, portal_ice_cave_rime,
          eino_small_chamber_without_monster, grunt_megastairs_1
Lair:2:   layout_hall_layers, guppyfry_lair_drakes, grunt_megastairs_2,
          uniq_fannar
Lair:3:   layout_small_grid
Lair:4:   layout_gridlike, elwin_shoals_entry_rooms,
          nicolae_spider_entry_non_spiders, serial_bayou, serial_bayou_ford_a,
          serial_bayou_pond_d, serial_bayou_shore_a, serial_bayou_pond_a,
          eino_house_with_fridge, lemuel_fruit_tree
Lair:5:   layout_concentric_octagons, st_stairs_10, serial_bayou_crossing,
          infiniplex_staircase_pool_2
Lair:6:   hangedman_lair_tendril_chambers, layout_cave_pods, slime_altar_1,
          grunt_megastairs_4
Shoals:1: layout_shoals, ebering_ghost_gozag, ldierk_geyser,
          nicolae_shoals_undead_eyrie
Shoals:2: layout_shoals, uniq_polyphemus
Shoals:3: layout_shoals, argonaut_gorgonesque
Shoals:4: shoals_end_simple, layout_shoals, serial_shops, shop,
          nicolae_shoals_isolated_beach
Spider:1: layout_spider_delve, nicolae_spider_ant_collections, uniq_aizul,
          uniq_nikola
Spider:2: layout_spider_delve, uniq_jorgrun, uniq_frances
Spider:3: layout_chambers, uniq_louise
Spider:4: grunt_spider_rune_island, uniq_roxanne
Slime:1:  layout_caves
Slime:2:  layout_caves
Slime:3:  layout_caves
Slime:4:  layout_caves
Slime:5
Orc:1:    layout_diamond_mine, abandoned_shop, uniq_urug, uniq_josephine
Orc:2:    st_orc_mages, layout_caves, serial_shops, shop, uniq_saint_roka,
          uniq_nessos, uniq_snorg
Elf:1:    layout_loops_corners, serial_shops, shop_fountains,
          kennysheep_underground_church, minivault_15, hangedman_elven_ridges
Elf:2:    layout_loops_ring, serial_shops, shop, basic_altar
Vaults:1: gammafunk_vaults_ghost_tricky_traps, vaults_mumra_bighexcomb,
          v_misc_18, nicolae_vaults_puzzle_piece, ontoclasm_vaults_hangar,
          nicolae_vaults_mini_display_case, hangedman_vaults_stitches,
          v_pattern_1, nicolae_vaults_shelves_hall,
          nicolae_vaults_little_squares_3, vaults_dpeg_doors,
          nicolae_vaults_network_square, ontoclasm_vaults_fault,
          layout_vaults_maze_bifur, serial_shops, shop
Vaults:2: v_misc_15, v_alt_pattern_1, v_misc_2, nicolae_vaults_shelves_hall,
          nicolae_vaults_three_branches, ontoclasm_vaults_spin,
          ontoclasm_vaults_tryst, layout_vaults_quadrants, serial_shops, shop
Vaults:3: nicolae_vaults_stairing_the_circle, v_pattern_2,
          hangedman_vaults_locks, minmay_crypt_entry_simple_corners,
          hangedman_vaults_cutoff, ontoclasm_vaults_chip,
          nicolae_vaults_big_angled_halls, vaults_room_grid,
          ontoclasm_vaults_gallery, vaults_room_door_hall, v_misc_8,
          ontoclasm_vaults_hangar, vaults_dpeg_cross, layout_vaults_omnibox,
          uniq_frederick
Vaults:4: vaults_standard_mumra_enter_the_diamond,
          nicolae_vaults_network_periphery, v_alt_pattern_2,
          nicolae_vaults_hallways_thing, nicolae_vaults_yaktaur_gun_rack,
          v_misc_17, v_misc_18, vaults_room_fancy_cross, hangedman_vaults_slice,
          vaults_room_pools, layout_vaults_big_room
Vaults:5
Crypt:1:  layout_misc_corridors, nrook_guardian_serpent_ordinary
Crypt:2:  layout_basic, roderic_lattice_octagonal_star, uniq_boris
Crypt:3:  due_elkab, layout_chaotic_city, tomb_entry_forgotten_bobbens
Depths:1: layout_basic, grunt_pan_entry_spiral,
          hangedman_abyss_or_decor_stagger, pf_coc_iceberg, dispersion_dpeg,
          minmay_shop_star, uniq_enchantress
Depths:2: minmay_blocking_statues, layout_cave_shapes, grunt_pan_entry_zigzag,
          pf_hell_entry_tar_river, minmay_misc_feat_more_columns
Depths:3: hangedman_pleasuredromes, pan_entry, hell_entry, abyss_entry
Depths:4: cheibrodos_salmonella, layout_basic, enter_ziggurat_b, serial_sigils,
          serial_sigils_hangedman_snap, serial_sigils_hangedman_etch,
          serial_sigils_hangedman_quiver, serial_sigils_hangedman_confine,
          abyss_entry, nicolae_lava_and_water, hell_entry, uniq_mennas
Depths:5: grunt_zot_entry_bicorn, layout_long_grid, grunt_pan_entry_sceptre,
          abyss_entry, serial_bayou_pond_e, hell_entry
Hell
Geh:1:    layout_gehenna_pools_basic
Geh:2:    layout_gehenna_pools_basic
Geh:3:    layout_gehenna_pools_box
Geh:4:    layout_gehenna_pools_box
Geh:5:    layout_gehenna_lava_caves
Geh:6:    layout_gehenna_pools_box
Geh:7:    evilmike_geh
Coc:1:    layout_cocytus_water_paths
Coc:2:    layout_cocytus_water_paths, lemuel_elevator
Coc:3:    layout_cocytus_water_paths
Coc:4:    layout_ice_bergs
Coc:5:    layout_cocytus_water_paths
Coc:6:    layout_cocytus_water_paths
Coc:7:    coc_old
Tar:1:    layout_grid_maze
Tar:2:    layout_grid_maze
Tar:3:    layout_honeycomb, nicolae_tar_cuneiform_sun
Tar:4:    layout_grid_maze, grunt_megastairs_5
Tar:5:    layout_grid_maze, lemuel_nasty_fountain
Tar:6:    layout_honeycomb
Tar:7:    tar_grunt_cathedral
Zot:1:    layout_twisted_circle, door_vault
Zot:2:    layout_gridlike, zot_minivault_1, grunt_megastairs_3
Zot:3:    layout_cathedral_of_symmetry
Zot:4:    layout_onion_interference

Skill      XL: |  1  2  3  4  5  6  7  8  9 10 11 12 13 14 15 16 17 18 19 20 21 22 23 24 25 26 27 |
---------------+----------------------------------------------------------------------------------+-----
Fighting       | 4 5 6 7 8 10 12 13 14 15 16 17 19 20 22 24 25 27 | 27.0
Shields        | 4 5 8 10 13 15 27 | 27.0
Maces & Flails | 6 8 11 12 14 16 | 16.4
Dodging        | 1 3 4 5 6 |  6.3
Armour         | 4 7 10 11 14 16 18 19 20 22 23 27 | 27.0
Stealth        | 5 7 10 | 10.0
Evocations     | 3 5 6 9 10 22 | 22.1
Invocations    | 2 9 11 13 14 15 18 21 27 | 27.0

Action                   |  1- 3 |  4- 6 |  7- 9 | 10-12 | 13-15 | 16-18 | 19-21 | 22-24 | 25-27 || total
-------------------------+-------+-------+-------+-------+-------+-------+-------+-------+-------++-------
Melee: Flail             |   121 |   336 |    44 |       |       |       |       |       |       ||   501
       Whip              |       |       |   326 |  1170 |    71 |       |       |       |       ||  1567
       Mace              |       |       |       |    17 |  1769 |       |       |       |       ||  1786
       Eveningstar       |       |       |       |       |    23 |   909 |  1844 |  1755 |  3500 ||  8031
       Sacred scourge    |       |       |       |       |       |       |       |       |  3934 ||  3934
Throw: Dart              |     8 |     9 |    36 |    25 |    35 |    28 |    15 |     3 |     3 ||   162
       Throwing net      |       |       |       |       |     2 |     2 |     1 |       |     6 ||    11
Invok: Major Destruction |       |       |       |       |     3 |       |     7 |     5 |       ||    15
       Lesser Servant of |       |       |       |       |     2 |       |       |       |       ||     2
       Minor Destruction |       |       |       |       |       |       |    30 |     7 |     3 ||    40
       Greater Servant o |       |       |       |       |       |       |     2 |     3 |     5 ||    10
       Cleansing Flame   |       |       |       |       |       |       |       |       |   147 ||   147
       Summon Divine War |       |       |       |       |       |       |       |       |     9 ||     9
       Divine Shield     |       |       |       |       |       |       |       |       |     2 ||     2
 Abil: Fly               |       |       |       |       |       |     1 |     1 |     1 |     3 ||     6
       Stop Flying       |       |       |       |       |       |       |     1 |     2 |     2 ||     5
       Evoke Blink       |       |       |       |       |       |       |       |       |     1 ||     1
Evoke: Wand              |       |       |       |     8 |    10 |     3 |     3 |     4 |     4 ||    32
       Tin of tremorston |       |       |       |       |     4 |       |       |       |     1 ||     5
  Use: Scroll            |     2 |     6 |     9 |     8 |    19 |     6 |     6 |    24 |    55 ||   135
       Potion            |       |     1 |       |     4 |     5 |     3 |       |    14 |    18 ||    45
 Stab: Sleeping          |       |       |       |    10 |       |     3 |       |       |       ||    13
       Confused          |       |       |       |     2 |       |       |     2 |       |       ||     4
       Paralysed         |       |       |       |       |     3 |       |       |       |       ||     3
       Held in net/web   |       |       |       |       |       |     1 |       |       |     2 ||     3
       Petrified         |       |       |       |       |       |       |     4 |       |       ||     4
       Distracted        |       |       |       |       |       |       |       |     2 |     4 ||     6
  Eat: Chunk             |     1 |    11 |     5 |    12 |    36 |    19 |    35 |    15 |    18 ||   152
       Ration            |       |       |     2 |     2 |     1 |       |     1 |     3 |    37 ||    46
Armor: Scale mail        |    84 |   186 |    84 |       |       |       |       |       |       ||   354
       Chain mail        |       |       |    66 |   313 |       |       |       |       |       ||   379
       Plate armour      |       |       |       |   231 |  1008 |   627 |  1034 |   330 |       ||  3230
       Gold dragon scale |       |       |       |       |       |       |       |   761 |  3922 ||  4683
Dodge: Dodged            |    41 |   123 |    77 |   238 |   661 |   331 |   677 |   728 |  1540 ||  4416
Block: Kite shield       |    74 |   157 |       |       |   450 |   736 |  1317 |  1294 |  5466 ||  9494
       Buckler           |       |    11 |    76 |   304 |   504 |       |       |       |       ||   895
       Reflection        |       |       |       |       |       |       |    69 |    55 |    91 ||   215
